 Dungeon Sprint DCSS version 0.21.1-1-g345015f (webtiles) character file.

0 Psiloshibe the Skirmisher (level 3, 15/34 HPs)
             Began as a Barachi Berserker on June 24, 2018.
             Was a Follower of Trog.
             Quit the game in the Dungeon (Sprint VI: "Thunderdome").
             The game lasted 00:00:55 (31 turns).

Psiloshibe the Skirmisher (Barachi Berserker)         Turns: 31, Time: 00:00:55

Health: 15/34      AC:  2    Str: 19    XL:     3   Next: 62%
Magic:  3/3        EV: 12    Int:  7    God:    Trog [*.....]
Gold:   20         SH:  0    Dex: 11    Spells: 2/2 levels left

rFire    . . .     SeeInvis .   a - +0 falchion
rCold    . . .     Gourm    .   (no shield)
rNeg     . . .     Faith    .   b - +0 animal skin
rPois    .         Spirit   .   (no helmet)
rElec    .         Reflect  .   (no cloak)
rCorr    .         Harm     .   (no gloves)
MR       .....     NoTele   +   (no boots)
Stlth    +.........             (no amulet)
HPRegen  0.11/turn              (no ring)
MPRegen  0.08/turn              (no ring)

@: berserk cooldown, slowed, heavily drained, very slow
A: +LOS, swims, slowness 1, strong legs 1
a: Hop, Berserk, Burn Spellbooks, Renounce Religion


You were in the Dungeon.
You worshipped Trog.
Trog was aware of your devotion.
You were not hungry.

You visited 1 branch You collected 200 gold pieces.
You spent 180 gold pieces at shops.

Inventory:

Hand Weapons
 a - a +0 falchion (weapon)
Armour
 b - a +0 animal skin (worn)
Jewellery
 n - the amulet "Dobepsoh" {Harm *Drain +Fly}
   (You bought it in a shop in the Dungeon)

   [amulet of harm]

   It increases damage dealt and taken.
   It lets you fly.
   It causes draining when unequipped.
 o - the ring of the Iron Devil {+Fly rPois, unknown}
   (You bought it in a shop in the Dungeon)

   [ring of flight]

   It protects you from poison.
   It lets you fly.
 p - the ring of Niaf Zir {Fire rElec, unknown}
   (You bought it in a shop in the Dungeon)

   [ring of fire]

   It enhances your fire magic.
   It protects you from fire.
   It makes you vulnerable to cold.
   It insulates you from electricity.
 q - the amulet "Tos Duaw" {Inacc rF+}
   (You bought it in a shop in the Dungeon)

   [amulet of inaccuracy]

   It reduces the accuracy of all your attacks.
   It protects you from fire.
Wands
 j - a wand of acid (5)
 k - a wand of iceblast (5)
Scrolls
 i - 4 scrolls of blinking
 l - 3 scrolls of fog
Potions
 d - a potion of curing
 e - 3 potions of heal wounds
 f - 4 potions of haste
 g - 2 potions of magic
 h - a potion of berserk rage
 m - a potion of resistance
Comestibles
 c - a ration


   Skills:
 + Level 5.9(4.1) Fighting
 + Level 5.7(3.9) Long Blades
 * Level 2.6(1.0) Throwing
 + Level 3.3(1.6) Armour
 + Level 3.2(1.5) Dodging


You had 2 spell levels left.
You didn't know any spells.

Dungeon Overview and Level Annotations

Branches:
Dungeon (1/1)

Altars:
Cheibriados
Fedhas
Kikubaaqudgha
Okawaru
Ru
Uskayaw
Vehumet
Xom
Yredelemnul
Beogh
Jiyva
Lugonu

Shops:
D *[%?


Innate Abilities, Weirdness & Mutations

Shadows flee at your approach. (+LOS)
You can swim through water.
You cover ground slowly.
You can hop short distances.


Message History

an enchanted long sword; a robe You are no longer berserk.
You are exhausted.
You feel yourself slow down.
There is an entrance to Ygixtueth's Jewellery here.
n - a scintillating zirconium amulet;
o - a flickering pewter ring
p - a glittering amber ring Thank you for shopping at Ygixtueth's Jewellery!
Put on which piece of jewellery? (? for menu, Esc to quit)
n - the amulet "Dobepsoh" (around neck) {Harm *Drain +Fly}
q - a flickering diamond amulet Thank you for shopping at Ygixtueth's Jewellery!
Really remove
n - the amulet "Dobepsoh" {Harm *Drain +Fly}?
You remove the amulet "Dobepsoh" {Harm *Drain +Fly}.
The amulet drains your life force as you remove it!
You feel drained.
Put on which piece of jewellery? (? for menu, Esc to quit)
q - the amulet "Tos Duaw" (around neck) {Inacc rF+} You remove the amulet "Tos Duaw" {Inacc rF+}.
Are you sure you want to abandon this character and quit the game? (Confirm with "yes".)

#........_ #_......._
#_......._
###.........
#⌠..........
######.8.........
##∩___......# ...
###@........8.# .8.
##....)........###...
#⌠..........###...#
#⌠..........# #.<.#
#⌠..........# #...#
##.............###...
###∩........8.# .8.
##∩_._......# ...
######.8..... ...


There were no monsters in sight!

Vanquished Creatures
  A wight (D)
  An adder skeleton (D)
2 creatures vanquished.

Notes
Turn   | Place    | Note
-------+----------+-------------------------------------------
     0 | D        | Psiloshibe the Barachi Berserker began the quest for the Orb.
     0 | D        | Reached XP level 1. HP: 18/18 MP: 1/1
     1 | D        | Found a corrupted altar of Lugonu.
     1 | D        | Found a shimmering altar of Xom.
     3 | D        | Found a blossoming altar of Fedhas.
     3 | D        | Found an iron altar of Okawaru.
     4 | D        | Found a snail-covered altar of Cheibriados.
     4 | D        | Found a sacrificial altar of Ru.
     4 | D        | Found a basalt altar of Yredelemnul.
     5 | D        | Found a roughly hewn altar of Beogh.
     5 | D        | Round 1.
     6 | D        | Found Wovoan's Delicious Food.
     6 | D        | Found an ancient bone altar of Kikubaaqudgha.
     6 | D        | Found Couc's Identification Station.
     6 | D        | Found a viscous altar of Jiyva.
     7 | D        | Found Ygixtueth's Jewellery.
     7 | D        | Found Buesk's Advanced Armour.
     7 | D        | Found a hide-covered altar of Uskayaw.
     7 | D        | Found a radiant altar of Vehumet.
     9 | D        | Noticed a wight
    20 | D        | Killed a wight
    20 | D        | Reached skill level 5 in Fighting
    20 | D        | Reached skill level 5 in Long Blades
    20 | D        | Reached XP level 2. HP: 19/28 MP: 2/2
    20 | D        | Reached XP level 3. HP: 23/34 MP: 3/3
    27 | D        | Bought a scintillating zirconium amulet for 45 gold pieces
    27 | D        | Bought a flickering pewter ring for 45 gold pieces
    27 | D        | Bought a glittering amber ring for 45 gold pieces
    27 | D        | Identified the amulet "Dobepsoh" {Harm *Drain +Fly} (You bought it in a shop in the Dungeon)
    28 | D        | Bought a flickering diamond amulet for 45 gold pieces
    29 | D        | Identified the amulet "Tos Duaw" {Inacc rF+} (You bought it in a shop in the Dungeon)
    31 | D        | Quit the game

Skill      XL: |  1 |
---------------+----+-----
Fighting       | 5 |  5.9
Long Blades    | 5 |  5.7
Throwing       | 2 |  2.6
Armour         | 3 |  3.3
Dodging        | 3 |  3.2

Action                   || total
-------------------------++-------
Melee: Falchion          ||     7
Invok: Berserk           ||     1
  Use: Potion            ||     1
Dodge: Dodged            ||     6
       Rpst.: Falchion   ||     2
